ITL
BIRMINGHAM BARONS @ LOUISVILLE BATS
08/17/2030
 
TOP OF THE 1ST
Birmingham Barons batting - Pitching for Louisville Bats : RHP Clint John
Pitching: RHP Clint John
Batting: SHB Randy Anderson 0-0: Ball
1-0: Called Strike
1-1: Called Strike
1-2: Foul Ball, location: 2F
1-2: Foul Ball, location: 2F
1-2: Foul Ball, location: 2F
1-2: SINGLE (Groundball, 56D)
Batting: RHB Chris Parker 0-0: Fly out, F8 (Flyball, 8RXD)
Runner from 1st tags up, SAFE at 2nd
Pitching: RHP Valentín Mejía
Batting: RHB Sixto Vélez 0-0: Ball
1-0: Ball
2-0: Called Strike
2-1: Foul Ball, location: 2F
2-2: Fly out, F8 (Flyball, 8LM)
Batting: LHB Bob Jones 0-0: Ball
1-0: SINGLE (Flyball, 8LS)
Randy Anderson to third
Runner from 3rd tries for Home, SAFE, no throw
Batting: RHB José Montoya 0-0: Ball
1-0: Called Strike
1-1: Swinging Strike
1-2: Strikes out swinging
Top of the 1st over - 1 run, 2 hits, 0 errors, 1 left on base; Birmingham 1 - Louisville 0
BOTTOM OF THE 1ST
Louisville Bats batting - Pitching for Birmingham Barons : RHP Adrián Serrano
Pitching: RHP Adrián Serrano
Batting: RHB Shawn Marshall 0-0: SINGLE (Line Drive, 78S)
Batting: LHB Richard Olvera 0-0: Ball
1-0: Called Strike
1-1: Foul Ball, location: 2F
1-2: Ball
2-2: Foul Ball, location: 2F
2-2: Fielders Choice at 2nd, 1-6 (Groundball, P)
Batting: LHB Eduardo Gómez Pickoff Throw to First - Out!
0-0: Called Strike
0-1: Ball
1-1: Ball
2-1: SOLO HOME RUN (Flyball, 9D), Distance : 377 ft
Batting: SHB Dave Henley 0-0: Ball
1-0: Foul Ball, location: 2F
1-1: Foul Ball, location: 2F
1-2: Ball
2-2: Strikes out swinging
Bottom of the 1st over - 1 run, 2 hits, 0 errors, 0 left on base; Birmingham 1 - Louisville 1
TOP OF THE 2ND
Birmingham Barons batting - Pitching for Louisville Bats : RHP Valentín Mejía
Batting: RHB Dean Bailey 0-0: Called Strike
0-1: Ball
1-1: Ball
2-1: SINGLE (Groundball, 6D)
Batting: RHB Dave Dawson 0-0: Foul Ball, location: 2F
0-1: Ball
1-1: Ball
2-1: Swinging Strike
2-2: Strikes out swinging
Batting: RHB Jerry Johnston 0-0: DOUBLE (Groundball, 5L)
Dean Bailey to third
Runner from 3rd tries for Home, SAFE, no throw
Batting: RHB Cristián López 0-0: Ground out 4-3 (Groundball, 4)
Jerry Johnston to third
Batting: SHB Randy Anderson 0-0: Ball
1-0: Called Strike
1-1: Ground out U3 (Groundball, 34D)
Top of the 2nd over - 1 run, 2 hits, 0 errors, 1 left on base; Birmingham 2 - Louisville 1
BOTTOM OF THE 2ND
Louisville Bats batting - Pitching for Birmingham Barons : RHP Adrián Serrano
Batting: LHB George Smith 0-0: Called Strike
0-1: Called Strike
0-2: Ball
1-2: Ball
2-2: Ball
3-2: Base on Balls
Batting: RHB Zhong Shui 0-0: Called Strike
0-1: Ball
1-1: Ball
2-1: Fly out, F4 (Popup, 34D)
Batting: SHB Ryan Roberts 0-0: Fly out, F9 (Flyball, 89S)
Batting: LHB John Horton 0-0: Called Strike
0-1: Swinging Strike
0-2: Strikes out swinging
Bottom of the 2nd over - 0 runs, 0 hits, 0 errors, 1 left on base; Birmingham 2 - Louisville 1
TOP OF THE 3RD
Birmingham Barons batting - Pitching for Louisville Bats : RHP Valentín Mejía
Batting: RHB Chris Parker 0-0: Ball
1-0: Foul Ball, location: 2F
1-1: Foul Ball, location: 2F
1-2: Ball
2-2: Foul Ball, location: 2F
2-2: Ball
3-2: Foul Ball, location: 2F
3-2: SINGLE (Groundball, 4MD)
Batting: RHB Sixto Vélez 0-0: Foul Ball, location: 2F
0-1: Ball
Wild Pitch!
Chris Parker to second
1-1: Swinging Strike
1-2: Strikes out looking
Batting: LHB Bob Jones 0-0: Ball
1-0: Fly out, F7 (Flyball, 7S)
Batting: RHB José Montoya 0-0: Fly out, F9 (Flyball, 9)
Top of the 3rd over - 0 runs, 1 hit, 0 errors, 1 left on base; Birmingham 2 - Louisville 1
BOTTOM OF THE 3RD
Louisville Bats batting - Pitching for Birmingham Barons : RHP Adrián Serrano
Batting: SHB Martín Medina 0-0: Swinging Strike
0-1: Called Strike
0-2: SINGLE (Groundball, 4MD)
Batting: RHB Shawn Marshall 0-0: Ball
1-0: TRIPLE (Flyball, 89XD)
Martín Medina scores
Batting: LHB Richard Olvera 0-0: Ball
1-0: Called Strike
1-1: Foul Ball, location: 2F
1-2: Ground out 6-3 (Groundball, 6)
Shawn Marshall scores
Batting: LHB Eduardo Gómez 0-0: SINGLE (Flyball, 9LS)
Batting: SHB Dave Henley 0-0: Fly out, F9 (Flyball, 9D)
Batting: LHB George Smith 0-0: Foul Ball, location: 2F
0-1: Foul Ball, location: 2F
0-2: Ball
1-2: Foul Ball, location: 2F
1-2: Ball
2-2: Ground out 4-3 (Groundball, 4D)
Bottom of the 3rd over - 2 runs, 3 hits, 0 errors, 1 left on base; Birmingham 2 - Louisville 3
TOP OF THE 4TH
Birmingham Barons batting - Pitching for Louisville Bats : RHP Valentín Mejía
Batting: RHB Dean Bailey 0-0: Called Strike
0-1: DOUBLE (Line Drive, 89M)
Batting: RHB Dave Dawson 0-0: Called Strike
0-1: Fly out, F4 (Popup, 4S)
Batting: RHB Jerry Johnston 0-0: Called Strike
0-1: Ball
1-1: Called Strike
1-2: SINGLE (Line Drive, 89S)
Dean Bailey to third
Batting: RHB Cristián López 0-0: Ball
1-0: Ball
2-0: Foul Ball, location: 2F
2-1: Called Strike
2-2: Ball
3-2: Strikes out looking
Jerry Johnston steals 2nd base
Batter strikes out.
Batting: SHB Randy Anderson 0-0: Swinging Strike
0-1: Ball
1-1: Foul Ball, location: 2F
1-2: Foul Ball, location: 2F
1-2: Foul Ball, location: 2F
1-2: Ball
2-2: Strikes out looking
Top of the 4th over - 0 runs, 2 hits, 0 errors, 2 left on base; Birmingham 2 - Louisville 3
BOTTOM OF THE 4TH
Louisville Bats batting - Pitching for Birmingham Barons : RHP Adrián Serrano
Batting: RHB Zhong Shui 0-0: Called Strike
0-1: Called Strike
0-2: Strikes out swinging
Batting: SHB Ryan Roberts 0-0: Ball
1-0: Foul Ball, location: 2F
1-1: SINGLE (Line Drive, 89S)
Batting: LHB John Horton 0-0: 2-RUN HOME RUN (Line Drive, 9LD), Distance : 374 ft
Pitching: RHP Gabriel Oliuo
Batting: SHB Martín Medina 0-0: Foul Ball, location: 2F
0-1: Ball
1-1: Ball
2-1: Swinging Strike
2-2: Ground out 4-3 (Groundball, 4M)
Batting: RHB Shawn Marshall 0-0: Foul Ball, location: 2F
0-1: Foul Ball, location: 2F
0-2: Foul Ball, location: 2F
0-2: Ball
1-2: Foul Ball, location: 2F
1-2: Ball
2-2: Fly out, F9 (Flyball, 9D)
Bottom of the 4th over - 2 runs, 2 hits, 0 errors, 0 left on base; Birmingham 2 - Louisville 5
TOP OF THE 5TH
Birmingham Barons batting - Pitching for Louisville Bats : RHP Valentín Mejía
Batting: RHB Chris Parker 0-0: Called Strike
0-1: Swinging Strike
0-2: Strikes out looking
Batting: RHB Sixto Vélez 0-0: Called Strike
0-1: Foul Ball, location: 2F
0-2: Ball
1-2: SINGLE (Groundball, 6MD)
Pitching: RHP Derrick Hall
Batting: LHB Bob Jones 0-0: Ball
1-0: Swinging Strike
1-1: Ball
2-1: Ball
3-1: Base on Balls
Sixto Vélez to second
Batting: RHB José Montoya 0-0: Called Strike
0-1: Ball
1-1: Swinging Strike
1-2: Strikes out swinging
Batting: RHB Dean Bailey 0-0: Ball
1-0: Called Strike
1-1: Ball
2-1: Swinging Strike
2-2: Ground out 1-3 (Groundball, 13S)
Top of the 5th over - 0 runs, 1 hit, 0 errors, 2 left on base; Birmingham 2 - Louisville 5
BOTTOM OF THE 5TH
Louisville Bats batting - Pitching for Birmingham Barons : RHP Gabriel Oliuo
Batting: LHB Richard Olvera 0-0: Ball
1-0: Ball
2-0: Called Strike
2-1: Foul Ball, location: 2F
2-2: Ball
3-2: Base on Balls
Batting: LHB Eduardo Gómez 0-0: Called Strike
0-1: Foul Ball, location: 2F
0-2: Ball
1-2: Ball
Richard Olvera steals 2nd base
2-2: Strikes out swinging
Batting: SHB Dave Henley 0-0: Called Strike
0-1: Ball
1-1: Fly out, F8 (Flyball, 8LXD)
Runner from 2nd tags up, SAFE at 3rd, no throw
Batting: LHB George Smith 0-0: Ball
Wild Pitch!
Richard Olvera scores
1-0: Ball
2-0: Ball
3-0: Base on Balls
Batting: RHB Zhong Shui 0-0: Ground out 6-3 (Groundball, 56)
Bottom of the 5th over - 1 run, 0 hits, 0 errors, 1 left on base; Birmingham 2 - Louisville 6
TOP OF THE 6TH
Birmingham Barons batting - Pitching for Louisville Bats : RHP Derrick Hall
Batting: RHB Dave Dawson 0-0: Fly out, F9 (Flyball, 89M)
Batting: RHB Jerry Johnston 0-0: Called Strike
0-1: Foul Ball, location: 2F
0-2: SINGLE (Groundball, 56D)
Batting: RHB Cristián López 0-0: Fly out, F4 (Flyball, 34D)
Batting: SHB Randy Anderson 0-0: Ball
1-0: Ball
2-0: Ball
3-0: Called Strike
3-1: Called Strike
3-2: Foul Ball, location: 2F
3-2: Foul Ball, location: 2F
3-2: Base on Balls
Jerry Johnston to second
Batting: RHB Chris Parker 0-0: Ball
1-0: Foul Ball, location: 2F
1-1: Ball
2-1: Called Strike
2-2: Foul Ball, location: 2F
2-2: Ball
3-2: SINGLE (Groundball, 6MD)
Jerry Johnston to third
Randy Anderson to second
Jerry Johnston scores
Randy Anderson to third
Batting: RHB Sixto Vélez 0-0: Foul Ball, location: 2F
0-1: Foul Ball, location: 2F
0-2: Ball
1-2: Ball
2-2: Foul Ball, location: 2F
2-2: Ground out 4-3 (Groundball, 4)
Top of the 6th over - 1 run, 2 hits, 0 errors, 2 left on base; Birmingham 3 - Louisville 6
BOTTOM OF THE 6TH
Louisville Bats batting - Pitching for Birmingham Barons : RHP Gabriel Oliuo
Batting: SHB Ryan Roberts 0-0: Ball
1-0: Called Strike
1-1: Foul Ball, location: 2F
1-2: Ball
2-2: Ball
3-2: SINGLE (Line Drive, 7S)
Batting: LHB John Horton 0-0: Ball
1-0: Ball
2-0: Foul Ball, location: 2F
2-1: Grounds into double play, 6-4-3 (Groundball, 6)
Batting: SHB Martín Medina 0-0: Called Strike
0-1: Foul Ball, location: 2F
0-2: Ball
1-2: Ball
2-2: Fly out, F8 (Flyball, 78M)
Bottom of the 6th over - 0 runs, 1 hit, 0 errors, 0 left on base; Birmingham 3 - Louisville 6
TOP OF THE 7TH
Birmingham Barons batting - Pitching for Louisville Bats : RHP Derrick Hall
Batting: LHB Bob Jones 0-0: Called Strike
0-1: Ball
1-1: SINGLE (Groundball, 4MD)
Batting: RHB José Montoya 0-0: Called Strike
0-1: Ball
1-1: Ball
2-1: SINGLE (Line Drive, 78S)
Bob Jones to second
Batting: RHB Dean Bailey 0-0: Sac Bunt - play at first, batter OUT! 1-3
Bob Jones to third
José Montoya to second
Batting: RHB Dave Dawson 0-0: Called Strike
0-1: Ball
1-1: Fly out, F8 (Flyball, 89M)
Runner from 3rd tags up, SCORES, throw made
Pitching: RHP Larry Jenkins
Batting: RHB Jerry Johnston 0-0: Fly out, F3 (Line Drive, 34)
Top of the 7th over - 1 run, 2 hits, 0 errors, 1 left on base; Birmingham 4 - Louisville 6
BOTTOM OF THE 7TH
Louisville Bats batting - Pitching for Birmingham Barons : RHP Gabriel Oliuo
Batting: RHB Shawn Marshall 0-0: Ball
1-0: Called Strike
1-1: Called Strike
1-2: Ball
2-2: Foul Ball, location: 2F
2-2: Foul Ball, location: 2F
2-2: Foul Ball, location: 2F
2-2: Ball
3-2: Foul Ball, location: 2F
3-2: Strikes out looking
Batting: LHB Richard Olvera 0-0: Ball
1-0: Ball
2-0: Ball
3-0: Called Strike
3-1: Base on Balls
Batting: LHB Eduardo Gómez 0-0: Ball
1-0: Called Strike
1-1: SINGLE (Groundball, 34D)
Richard Olvera to second
Runner from 2nd tries for 3rd, SAFE, no throw
Pitching: RHP Ken Lyons
Batting: SHB Dave Henley 0-0: Called Strike
0-1: Fielders Choice at 2nd, 4-6 (Groundball, 4)
Richard Olvera scores
Batting: LHB George Smith 0-0: Ball
1-0: Ball
Dave Henley steals 2nd base
2-0: Ball
3-0: Foul Ball, location: 2F
3-1: Ground out 4-3 (Groundball, 4S)
Bottom of the 7th over - 1 run, 1 hit, 0 errors, 1 left on base; Birmingham 4 - Louisville 7
TOP OF THE 8TH
Birmingham Barons batting - Pitching for Louisville Bats : RHP Larry Jenkins
Now in RF: Héctor Rentería
Batting: RHB Cristián López 0-0: Called Strike
0-1: Called Strike
0-2: Ball
1-2: Ball
2-2: Strikes out swinging
Batting: SHB Randy Anderson 0-0: Foul Ball, location: 2F
0-1: Swinging Strike
0-2: Fly out, F7 (Flyball, 78M)
Batting: RHB Chris Parker 0-0: Swinging Strike
0-1: Swinging Strike
0-2: Ball
1-2: Ball
2-2: Ball
3-2: Strikes out swinging
Top of the 8th over - 0 runs, 0 hits, 0 errors, 0 left on base; Birmingham 4 - Louisville 7
BOTTOM OF THE 8TH
Louisville Bats batting - Pitching for Birmingham Barons : RHP Ken Lyons
Batting: RHB Zhong Shui 0-0: Called Strike
0-1: Fly out, F9 (Flyball, 89D)
Batting: SHB Ryan Roberts 0-0: Ball
1-0: Ball
2-0: Ball
3-0: Called Strike
3-1: Foul Ball, location: 2F
3-2: Base on Balls
Batting: LHB John Horton 0-0: SINGLE (Line Drive, 34D)
Ryan Roberts to second
Batting: SHB Martín Medina 0-0: Called Strike
0-1: Fly out, F6 (Popup, 6)
Batting: RHB Shawn Marshall 0-0: Fly out, F3 (Popup, 3S)
Bottom of the 8th over - 0 runs, 1 hit, 0 errors, 2 left on base; Birmingham 4 - Louisville 7
TOP OF THE 9TH
Birmingham Barons batting - Pitching for Louisville Bats : RHP Larry Jenkins
Pitching: RHP Bennie Jones
Now at 3B: Don Soper
Now in LF: Jesús Núñez
Batting: RHB Sixto Vélez 0-0: Ball
1-0: Ball
2-0: Ball
3-0: Base on Balls
Batting: LHB Bob Jones 0-0: Called Strike
0-1: Fly out, F8 (Flyball, 8LXD)
Batting: RHB José Montoya 0-0: Ball
1-0: Ball
2-0: Ball
3-0: Foul Ball, location: 2F
3-1: Foul Ball, location: 2F
3-2: Base on Balls
Sixto Vélez to second
Pinch Hitting: LHB José Rivera 0-0: Ball
1-0: SINGLE (Groundball, 3S) (infield hit)
Sixto Vélez to third
José Montoya to second
Batting: RHB Dave Dawson 0-0: Called Strike
0-1: Ball
1-1: Foul Ball, location: 2F
1-2: Strikes out looking
Pinch Hitting: RHB Fred Moulds 0-0: Ball
Wild Pitch!
Sixto Vélez scores
José Montoya to third
José Rivera to second
1-0: Ball
2-0: Called Strike
2-1: Called Strike
2-2: Foul Ball, location: 2F
2-2: Strikes out swinging
Top of the 9th over - 1 run, 1 hit, 0 errors, 2 left on base; Birmingham 5 - Louisville 7
Saturday, April 7th, 2018 - OOTP Baseball 18.8 Build 76